 Dungeon Crawl Stone Soup version 0.27-a0-1272-g7c8ad2e407 (webtiles) character file.

Game seed: 5179138673654928734

2831 Froggeryz the Martial Artist (level 9, -2/72 HPs)
             Began as a Palentonga Transmuter on June 11, 2021.
             Was an Initiate of Makhleb.
             Slain by a hornet (5 damage)
             ... while paralysed by a hornet
             ... on level 7 of the Dungeon.
             The game lasted 00:10:48 (8956 turns).

Froggeryz the Martial Artist (PaTm)                 Turns: 8956, Time: 00:10:48

Health: -2/72      AC: 13    Str: 14    XL:     9   Next: 45%
Magic:  12/12      EV:  1    Int: 13    God:    Makhleb [......]
Gold:   308        SH:  0    Dex: 14    Spells: 9/12 levels left

rFire    + . .     SeeInvis +     - Unarmed
rCold    + . .     Faith    .   (no shield)
rNeg     . . .     Spirit   .   j - +0 robe {rF+}
rPois    .         Reflect  .   (helmet currently unavailable)
rElec    .         Harm     .   s - +0 cloak
rCorr    .         Rampage  .   b - +0 pair of gloves
Will     .....                  (no barding)
Stlth    +.........             l - amulet of the acrobat
HPRegen  0.22/turn              h - ring of protection from cold
MPRegen  0.13/turn              (no ring)

@: paralysed, lethally poisoned (-2 -> -3), appendages, slowed, curled up
A: horns 2, talons 2, large, rugged brown scales 3, see invisible, deformed
body, roll 1, armoured tail, reflexive curl
a: Rolling Charge, End Transformation, Renounce Religion


You were on level 7 of the Dungeon.
You worshipped Makhleb.
Makhleb was noncommittal.
You had temporarily grown beastly horns and talons.
You visited 2 branches of the dungeon, and saw 8 of its levels.
You also visited: Sewer.

You collected 308 gold pieces.

Inventory:

Armour
 b - a +0 pair of gloves (worn)
 j - a +0 robe of fire resistance (worn)
 s - a +0 cloak (worn)
Jewellery
 h - a ring of protection from cold (left hand)
 l - an amulet of the acrobat (around neck)
 m - a +4 ring of slaying
Wands
 e - a wand of charming (8)
 p - a wand of mindburst (13)
 v - a wand of iceblast (9)
Scrolls
 a - 2 scrolls of enchant armour {unknown}
 d - a scroll of amnesia
 k - a scroll of holy word
 n - a scroll of magic mapping {unknown}
 o - a scroll of immolation {unknown}
 t - a scroll of enchant weapon {unknown}
 y - 2 scrolls of noise {unknown}
 z - a scroll of torment {unknown}
Potions
 c - a potion of lignification {unknown}
 f - a potion of haste {unknown}
 g - a potion of berserk rage {unknown}
 i - a potion of mutation {unknown}
 q - a potion of flight {unknown}
 r - a potion of invisibility {unknown}
 u - a potion of might {unknown}
 w - 2 potions of ambrosia {unknown}
 B - 3 potions of attraction {unknown}


   Skills:
 - Level 5.6 Fighting
 - Level 1.5 Dodging
 + Level 10.8 Unarmed Combat
 - Level 2.0 Spellcasting
 + Level 5.8 Transmutations


You had 9 spell levels left.
You knew the following spells:

 Your Spells              Type           Power      Damage    Failure   Level
a - Beastly Appendage     Tmut           32%        N/A       2%          1
b - Wereblood             Tmut           16%        N/A       3%          2

Your spell library contained the following spells:

 Spells                   Type           Power      Damage    Failure   Level
 Spider Form              Tmut/Pois      4%         N/A       22%         3
 Apportation              Tloc           2%         N/A       26%         1
 Lesser Beckoning         Tloc           0%         N/A       58%         3
 Ice Form                 Ice/Tmut       8%         N/A       58%         4
 Summon Ice Beast         Ice/Summ       1%         N/A       94%         4
 Malign Gateway           Summ/Tloc      0%         N/A       100%        7


Dungeon Overview and Level Annotations

Branches:
Dungeon (7/15)             Temple (1/1) D:6           Sewer (visited)

Altars:
Cheibriados
Gozag
Kikubaaqudgha
Makhleb
Qazlal
Sif Muna
Vehumet
Zin

Shops:
D:5 =   D:7 [


Innate Abilities, Weirdness & Mutations

You have temporarily grown beastly horns and talons.
You are completely covered in rugged brown scales. (AC +3, +7% HP)
You have supernaturally acute eyesight. (SInv)
Armour fits poorly on your strangely shaped body.
You can roll at nearby foes to attack.
You have a long armoured tail.
You curl defensively after being hit.


Message History

You grow a pair of large bovine horns.
Your feet morph into talons.
The hornet stings you!
You feel yourself slow down.
You hit the hornet. You headbutt the hornet.
The hornet is lightly wounded.
The hornet stings you.
You feel as though you will be slow longer.
The hornet stings you!
You are poisoned.
You feel as though you will be slow longer.
You closely miss the hornet. You claw the hornet, but do no damage.
You headbutt the hornet.
The hornet is moderately wounded.
You feel very sick. The hornet closely misses you.
The hornet barely misses you.
You are too injured to fight recklessly!
You are too injured to fight recklessly!
You are too injured to fight recklessly!
You are too injured to fight recklessly!
You punch the hornet!
The hornet is severely wounded.
You feel sick. The hornet closely misses you. The hornet stings you.
You feel as though you will be slow longer.
You closely miss the hornet. Your kick misses the hornet.
Your tail-slap misses the hornet.
The hornet is heavily wounded.
You feel sick.
The hornet stings you but does no damage.
You miss the hornet. You claw the hornet, but do no damage.
You headbutt the hornet.
The hornet is severely wounded.
You feel sick. The hornet stings you!
* * * LOW HITPOINT WARNING * * *
You feel as though you will be slow longer.
The hornet barely misses you.
You punch the hornet! Your kick misses the hornet.
The hornet is almost dead.
You feel sick. The hornet stings you!
* * * LOW HITPOINT WARNING * * *
You suddenly lose the ability to move!
The hornet stings you.
You die...

##.#.#
#.####
###.# # #.#
### #.# #..
#.# #.# #.#
#.# #.# #.#
#.# #y# .
#.# #@# #
#.######.##
..
#.........#
##
########.##
.. ### ##


You could see a hornet.

Vanquished Creatures
  Maggie (D:6)
  Grinder (D:3)
  A water moccasin (D:5)
  Duvessa (D:6)
  An orc warrior (D:6)
  Purgy (Sewer)
  A sky beast (D:7)
  A black bear (D:6)
  2 ogres
  A necrophage (D:6)
  2 centaurs (D:7)
  A phantom (D:7)
  A kobold brigand (D:7)
  Blork the orc (D:6)
  Dowan (D:6)
  3 wights
  A vampire bat (D:5)
  A howler monkey (D:4)
  A crimson imp (D:5)
  2 hounds
  2 centaur skeletons (D:7)
  An orc priest (D:6)
  Crazy Yiuf (D:4)
  2 bullfrog skeletons
  Jessica (D:3)
  Ijyb (D:5)
  2 iguanas
  7 orc wizards
  A howler monkey zombie (D:6)
  A howler monkey skeleton (D:5)
  11 adders
  4 dart slugs
  3 fire bats (D:5)
  21 orcs
  2 spectral bats (D:5)
  14 bats
  3 bat skeletons (D:5)
  A bat zombie (D:5)
  4 endoplasms
  3 giant cockroaches
  3 hobgoblins
  7 jackals
  3 quokkas
  3 ball pythons
  A bat simulacrum (D:5)
  4 frilled lizards
  10 goblins
  10 kobolds
  4 rats
155 creatures vanquished.

Vanquished Creatures (others)
  A water moccasin (D:7)
  A howler monkey zombie (D:6)
2 creatures vanquished.

Grand Total: 157 creatures vanquished

Notes
Turn   | Place    | Note
-------+----------+-------------------------------------------
     0 | D:1      | Froggeryz the Palentonga Transmuter began the quest for the
                  | Orb.
     0 | D:1      | Reached XP level 1. HP: 16/16 MP: 3/3
   156 | D:1      | Reached XP level 2. HP: 21/22 MP: 5/5
  1046 | D:1      | Found a faded altar of an unknown god.
  1288 | D:2      | Reached XP level 3. HP: 25/27 MP: 6/6
  1603 | D:2      | Reached skill level 4 in Unarmed Combat
  2054 | D:3      | Noticed Jessica
  2060 | D:3      | Killed Jessica
  2061 | D:3      | Reached XP level 4. HP: 22/34 MP: 7/7
  2233 | D:3      | Noticed Grinder
  2239 | D:3      | Paralysed by Grinder for 5 turns
  2261 | D:3      | Paralysed by Grinder for 6 turns
  2272 | D:3      | Killed Grinder
  2273 | D:3      | Reached skill level 5 in Unarmed Combat
  2273 | D:3      | Reached XP level 5. HP: 33/39 MP: 6/8
  2273 | D:3      | Reached XP level 6. HP: 39/46 MP: 6/9
  2427 | D:3      | Reached skill level 6 in Unarmed Combat
  2513 | D:3      | Learned a level 2 spell: Wereblood
  3307 | D:4      | Found a runed translucent door.
  3308 | D:4      | Noticed Crazy Yiuf
  3503 | D:4      | Identified the +1 chain mail of Tuv Zeghiu {Contam rF+
                  | rCorr}
  3651 | D:4      | Found a glowing drain.
  3655 | Sewer    | Entered a sewer
  3769 | Sewer    | Noticed Purgy
  3778 | Sewer    | Killed Purgy
  3779 | Sewer    | Reached skill level 7 in Unarmed Combat
  3779 | Sewer    | Gained mutation: You curl defensively after being hit.
                  | [Palentonga growth]
  3779 | Sewer    | Reached XP level 7. HP: 47/54 MP: 8/10
  4277 | D:4      | Killed Crazy Yiuf
  4506 | D:5      | Entered Level 5 of the Dungeon
  4706 | D:5      | Found Ustisas's Jewellery Shoppe.
  4922 | D:5      | Reached skill level 8 in Unarmed Combat
  5012 | D:5      | Found a glowing silver altar of Zin.
  5014 | D:5      | Found a stormy altar of Qazlal.
  5092 | D:5      | Noticed Ijyb
  5104 | D:5      | Killed Ijyb
  5147 | D:5      | Reached XP level 8. HP: 63/64 MP: 11/11
  5499 | D:5      | Found a burning altar of Makhleb.
  5499 | D:5      | Found a radiant altar of Vehumet.
  5611 | D:5      | Became a worshipper of Makhleb the Destroyer
  5953 | D:6      | Found an ancient bone altar of Kikubaaqudgha.
  6310 | D:6      | Noticed Duvessa
  6310 | D:6      | Noticed Dowan
  6337 | D:6      | Killed Duvessa
  6338 | D:6      | Reached skill level 9 in Unarmed Combat
  6339 | D:6      | Killed Dowan
  6573 | D:6      | Identified a scroll of acquirement
  6575 | D:6      | Acquired the Disquisition on the Dislocated Glacier
  6599 | D:6      | Found a staircase to the Ecumenical Temple.
  6623 | D:6      | Noticed Maggie
  6639 | D:6      | Killed Maggie
  6640 | D:6      | Reached skill level 5 in Fighting
  6682 | D:6      | Noticed Blork the orc
  6702 | Temple   | Entered the Ecumenical Temple
  7106 | D:6      | Killed Blork the orc
  7113 | D:6      | Reached skill level 10 in Unarmed Combat
  7261 | D:6      | Reached XP level 9. HP: 72/72 MP: 8/12
  7635 | D:6      | Found a shimmering blue altar of Sif Muna.
  8071 | D:7      | HP: 3/67 [wight/+2 scimitar of freezing (2)]
  8348 | D:6      | Reached skill level 5 in Transmutations
  8703 | D:7      | Found Goprer's Armour Boutique.
  8956 | D:7      | HP: 3/72 [hornet (13)]
  8956 | D:7      | Paralysed by a hornet for 3 turns
  8956 | D:7      | Slain by a hornet

Illustrated notes

Levels and vault maps discovered:
D:1:      eino_arrival_cavern_a, layout_basic,
          shapermc_ecumenical_altar_mp_highgroup, minmay_misc_feat_alley
D:2:      layout_loops_ring
D:3:      layout_basic, uniq_jessica, uniq_grinder
D:4:      layout_gridville, gup_sewer_entry_bowl, minivault_25,
          uniq_crazy_yiuf_cottage
D:5:      layout_basic, grunt_temple_overflow_lords_of_destruction,
          chequers_temple_overflow_statue_of_worship, serial_shops,
          shop_fountains, goddamned_bats, uniq_ijyb
D:6:      layout_basic, kennysheep_orc_sif_temple, lemuel_crystal_altar,
          minmay_temple_entry_arrows, lemuel_flamethrower_2, uniq_maggie,
          uniq_duvessa, uniq_blork_the_orc
D:7:      layout_loops_ring, kennysheep_windowed_goal
Temple:   compressed_dpeg_triangle_lava_temple

Skill      XL: |  1  2  3  4  5  6  7  8  9 |
---------------+----------------------------+-----
Unarmed Combat | 4 5 7 8 10 | 10.8
Transmutations | 3 4 5 |  5.8
Fighting       | 2 3 5 |  5.6
Dodging        | |  1.5
Spellcasting   | |  2.0

Action                   |  1- 3 |  4- 6 |  7- 9 || total
-------------------------+-------+-------+-------++-------
Melee: Unarmed           |   120 |   126 |   317 ||   563
       Tailslap          |    10 |    16 |    34 ||    60
       Kick              |     1 |    15 |    41 ||    57
       Headbutt          |       |    10 |    25 ||    35
       Punch             |       |     3 |    13 ||    16
 Cast: Beastly Appendage |     1 |    11 |    20 ||    32
       Wereblood         |       |     3 |    11 ||    14
 Abil: Rolling Charge    |     4 |     2 |     5 ||    11
Evoke: Wand              |       |       |    11 ||    11
  Use: Scroll            |       |     2 |     5 ||     7
       Potion            |       |     1 |     8 ||     9
 Stab: Sleeping          |     1 |     2 |     1 ||     4
Armor: Robe              |    37 |    52 |   124 ||   213
Dodge: Dodged            |    56 |    64 |   227 ||   347

Table legend: (Time is in decaauts)
 A = Elapsed time spent in this place.
 B = Non-inter-level travel time spent in this place.
 C = Inter-level travel time spent in this place.
 D = Time resting spent in this place.
 E = Time spent auto-exploring this place.
 F = Levels seen in this place.
 G = Mean time per level.
                   A        B        C        D        E       F      G
               +--------+--------+--------+--------+--------+-----+--------+
         Total |   8900 |   8702 |    198 |   1044 |   6202 |   9 |  988.9 |
       Dungeon |   8264 |   8066 |    198 |    656 |   6055 |   7 | 1180.6 |
        Temple |    394 |    394 |      0 |    388 |      0 |   1 |  394.0 |
         Sewer |    241 |    241 |      0 |      0 |    147 |   1 |  241.0 |
               +--------+--------+--------+--------+--------+-----+--------+

Top non-repeatable levels by time:
     D:6: 2264 daAuts
     D:1: 1231 daAuts
     D:3: 1160 daAuts
     D:5: 1101 daAuts
     D:4: 1040 daAuts
     D:2: 814 daAuts
     D:7: 651 daAuts
  Temple: 394 daAuts
   Sewer: 241 daAuts
